Description

SCV immediately goes to build first proxy rax

13 supply depot (first SCV makes this depot)

instantly send another SCV for second proxy rax

14 first proxy rax -> spam Reapers

14 first gas

14 second proxy rax -> spam Reapers

after second rax make 2 more SCVs

16 orbital command

17 second gas

20 supply depot

22 factory (after fourth reaper) ->either go helion-starport or tech lab-cyclone

expand to natural before starport ->34 Command Center make tanks and vikings and go for real macro game

VOD

https://www.youtube.com/watch?v=iN2AJfoj5RE&t=487s

Build Order

Get SALT Encoding   

  13  0:15  Supply Depot  
  14  0:35  Barracks  
  14  0:41  Refinery  
  14  0:55  Barracks  
  17  1:23  Reaper  
  17  1:26  Orbital Command  
  17  1:34  Refinery  
  17  1:43  Reaper  
  19  2:00  Reaper  
  21  2:07  Supply Depot  
  22  2:26  Factory  
  26  2:51  Supply Depot  
  31  3:13  Hellion  
  34  3:40  Command Center  
  36  3:54  Starport  
  36  4:04  Supply Depot  
Spawning Tool Build Advisor. Get it on Overwolf

Go to:

Details

  • Created by: YuukiU
  • Published on: Mar 12, 2026
  • Modified on: Mar 12, 2026
  • Patch: 5.0.11
  • Difficulty: Medium
Show
View Real Time Build Order
Export as new Build Order

Comments (0)

There are no comments. Be the first!

Create an account to comment!